 Dungeon Crawl Stone Soup version 0.28.0 (webtiles) character file.

Game seed: 4530617106803230003

2386 GrayStillPlays the Shield-Bearer (level 9, -19/74 HPs)
             Began as a Gnoll Fighter on Feb 11, 2022.
             Demolished by Joseph (26 damage)
             ... on level 8 of the Dungeon.
             The game lasted 00:11:58 (7170 turns).

GrayStillPlays the Shield-Bearer (Gnoll Fighter)    Turns: 7170, Time: 00:11:59

Health: -19/74     AC:  9    Str: 12    XL:     9   Next: 46%
Magic:  15/15      EV: 10    Int: 15    God:
Gold:   322        SH:  5    Dex: 11    Spells: 16/16 levels left

rFire   + + .      SeeInvis .   t - +9 whip of Huimnagi {vorpal, Str-5 Int+4, mace}
rCold   . . .      Faith    .   c - +0 buckler
rNeg    . . .      Spirit   .   b - +0 scale mail
rPois   .          Reflect  .   (no helmet)
rElec   .          Harm     .   i - +0 cloak
rCorr   .          Rampage  .   (no gloves)
Will    .....                   (no boots)
Stlth   +.........              (no amulet)
HPRegen 0.22/turn               E - ring of protection from fire
MPRegen 0.14/turn               l - ring of protection from fire

@: no status effects
A: fangs 1, strong nose, distributed training
a: no special abilities


You were on level 8 of the Dungeon.
You visited 2 branches of the dungeon, and saw 9 of its levels.

You collected 322 gold pieces.


Innate Abilities, Weirdness & Mutations

You have very sharp teeth.
Your uncanny sense of smell can sniff out nearby items.
Your experience applies equally to all skills.


   Skills:
 + Level 7.9 Fighting
 + Level 4.2 Short Blades
 + Level 4.2 Long Blades
 + Level 6.3 Axes
 + Level 4.2 Maces & Flails
 + Level 4.2 Polearms
 + Level 4.2 Staves
 + Level 4.2 Slings
 + Level 4.2 Bows
 + Level 4.2 Crossbows
 + Level 4.2 Throwing
 + Level 7.9 Armour
 + Level 4.2 Dodging
 + Level 4.2 Stealth
 + Level 7.9 Shields
 + Level 4.2 Unarmed Combat
 + Level 4.2 Spellcasting
 + Level 3.5 Conjurations
 + Level 3.5 Hexes
 + Level 3.5 Summonings
 + Level 3.5 Necromancy
 + Level 3.5 Translocations
 + Level 3.5 Transmutations
 + Level 3.5 Fire Magic
 + Level 3.5 Ice Magic
 + Level 3.5 Air Magic
 + Level 3.5 Earth Magic
 + Level 3.5 Poison Magic
 + Level 4.7 Invocations
 + Level 4.2 Evocations


You had 16 spell levels left.
You didn't know any spells.
Your spell library contained the following spells:

 Spells                   Type           Power      Damage    Failure   Level
 Freeze                   Ice            52%        1d7       22%         1
 Static Discharge         Conj/Air       13%        N/A       32%         2
 Dazzling Flash           Conj/Hex       26%        N/A       54%         3
 Frozen Ramparts          Ice            26%        1d4       54%         3
 Hailstorm                Conj/Ice       13%        3d5       91%         4
 Iskenderun's Mystic Bla  Conj/Tloc      13%        2d5       91%         4
 Lightning Bolt           Conj/Air       6%         1d18      99%         5
 Summon Forest            Summ/Tloc      6%         N/A       99%         5
 Summon Mana Viper        Hex/Summ       13%        N/A       99%         5
 Starburst                Conj/Fire      6%         6d4       100%        6
 Summon Cactus Giant      Summ           6%         N/A       100%        6
 Maxwell's Capacitive Co  Air            6%         ∞         100%        8

Inventory:

Hand Weapons
 a - a +0 war axe {axe}
 t - the +9 whip of Huimnagi (weapon) {vorpal, Str-5 Int+4, mace}
   (You found it on level 3 of the Dungeon)

   It inflicts extra damage upon your enemies.
   Str:       It affects your strength (-5).
   Int:       It affects your intelligence (+4).
 P - the +10 long sword of Baxkad {flame, Str-5 Int-5 Dex+6, long}
   (You found it on level 8 of the Dungeon)

   It burns those it strikes, dealing additional fire damage.
   Big, fiery blades are also staple armaments of hydra-hunters.
   Str:       It affects your strength (-5).
   Int:       It affects your intelligence (-5).
   Dex:       It affects your dexterity (+6).
Missiles
 e - 99 stones {throwing}
 g - 14 poisoned darts (quivered) {throwing}
 m - 42 bolts
 o - 77 arrows
 u - 93 sling bullets
 w - a boomerang of dispersal {=f!fthrowing}
 A - 2 curare-tipped darts {=fthrowing}
Armour
 b - a +0 scale mail (worn)
 c - a +0 buckler (worn)
 i - a +0 cloak (worn)
   (You found it on level 1 of the Dungeon)
 H - an orb of mayhem
   (You found it on level 6 of the Dungeon)
 I - the +0 robe of the Known World {rN++ Archmagi}
   (You found it on level 6 of the Dungeon)

   rN:        It greatly protects you from negative energy.
   Archmagi:  It increases the power of your magical spells.
 M - a +0 pair of boots
   (You found it on level 7 of the Dungeon)
Magical Staves
 f - a staff of earth {!astaff}
   (You found it on level 1 of the Dungeon)
 n - a staff of earth {!astaff}
   (You found it on level 2 of the Dungeon)
Jewellery
 l - a ring of protection from fire (right hand)
   (You found it on level 6 of the Dungeon)
 E - a ring of protection from fire (left hand)
   (You found it on level 5 of the Dungeon)
 J - an amulet of faith {!P}
   (You found it on level 7 of the Dungeon)
Wands
 C - a wand of charming (16)
   (You found it on level 4 of the Dungeon)
 L - a wand of flame (19)
   (You found it on level 7 of the Dungeon)
 Q - a wand of iceblast (4)
   (You found it on level 8 of the Dungeon)
Scrolls
 h - a scroll of vulnerability {unknown}
 q - 2 scrolls of fog
 r - a scroll of immolation {!r!r}
 s - 2 scrolls of magic mapping {unknown}
 x - 2 scrolls of fear {unknown}
 y - 2 scrolls of enchant weapon {unknown}
 D - a scroll of silence {unknown}
 G - a scroll of teleportation {unknown}
 N - a scroll of identify {@r1}
Potions
 d - a potion of might
 j - 2 potions of heal wounds {@q2}
 k - 4 potions of curing {@q1}
 p - 2 potions of flight
 v - a potion of brilliance {unknown}
 z - a potion of haste {@q3}
 B - 2 potions of lignification {unknown}
 F - a potion of berserk rage {unknown}
 K - a potion of ambrosia
 O - a potion of degeneration {unknown}

Dungeon Overview and Level Annotations

Branches:
Dungeon (8/15)             Temple (1/1) D:6
   Lair: D:8-11

Altars:
Ashenzari
Cheibriados
Dithmenos
Elyvilon
Fedhas
Hepliaklqana
Kikubaaqudgha
Makhleb
Okawaru
Qazlal
Ru
Trog
Uskayaw
Vehumet
Wu Jian
Xom
Yredelemnul
Zin
The Shining One

Shops:
D:2 !   D:4 *

Annotations:
D:8 Joseph

..#.# #.# ...#
#)# # ...# #.#
#. ..# #.# .##.
.$# #.#
.c...##.# ###.#
.##.....# #...#
.....##.###.###
...@......#@#
#########.@.#
###.# #.# #.#
#.# ..# ###


You could see Joseph (strong).


Message History

The orc wizard flickers and vanishes!
Deactivating autopickup; reactivate with Ctrl-A.
You closely miss something. You hit the orc wizard.
You bite the orc wizard, but do no damage. 😕 HP[+1]
You closely miss the orc wizard. You hit the orc wizard.
The orc wizard points at you and mumbles some strange words.
The puff of flame hits something!
Reactivating autopickup.
You feel a bit more experienced.
The orc wizard casts a spell.
The orc wizard flickers and vanishes!
Deactivating autopickup; reactivate with Ctrl-A.
Something hits you but does no damage.
You barely miss the orc wizard. You bite the orc wizard.
The orc wizard barely misses you. You block something's attack.
You hit the orc wizard. You block the orc wizard's attack.
You hear some strange, mumbled words.
A puff of flame appears from out of thin air!
The puff of flame misses you.
The puff of flame hits the orc wizard!
The orc wizard dies! 😕 HP[+1] No target in view!
No target in view!
No target in view!
No target in view!
No target in view!
You hit something. Something hits you but does no damage.
You whack something!
Reactivating autopickup.
You feel a bit more experienced.
Items here: )) [[ †.
P - the +10 long sword of Baxkad {flame, Str-5 Int-5 Dex+6, long} 😕 HP[+1]
Items here: )) [[ ††. 😎 HP[+1]
Your hp is fully restored (74).
You see here a +0 dagger {short}.
Q - a wand of iceblast (8)
A komodo dragon comes into view.
The komodo dragon hisses menacingly.
Aiming: Iceblast
Press: ? - help, Q - select action, (/) - cycle Shift-Dir - straight line The mass of ice explodes!
The iceblast engulfs the komodo dragon.
You hear a shout! x2; You hear a roar!
Aiming: Iceblast
Press: ? - help, Q - select action, (/) - cycle Shift-Dir - straight line The mass of ice explodes!
The iceblast engulfs the komodo dragon!!
Aiming: Iceblast
Press: ? - help, Q - select action, (/) - cycle Shift-Dir - straight line, f - komodo dragon
Aim: a komodo dragon (heavily wounded)
The mass of ice explodes!
The iceblast engulfs the komodo dragon!!
A centaur warrior comes into view.
You hit the komodo dragon. You block the komodo dragon's attack.
You whack the komodo dragon!
You kill the komodo dragon!
You see here a komodo dragon corpse.
Joseph, a Mercenary comes into view.
He is wielding a +0 quarterstaff and carrying a wand of iceblast (11).
You see here a komodo dragon corpse.
Aiming: Iceblast
Press: ? - help, Q - select action, (/) - cycle Shift-Dir - straight line, f - Joseph
Aim: Joseph, wielding a +0 quarterstaff, wearing a +0 ring mail, quivering sling bullets and carrying a wand of iceblast (11)
The mass of ice explodes!
The iceblast engulfs Joseph!
You hear a shout!
You hit Joseph. Joseph barely misses you.
You closely miss Joseph.
Joseph hits you with a +0 quarterstaff! 😕 HP[-11]
You take 11 damage, and now have 63/74 hp.
You whack Joseph!
Joseph drinks a potion.
Joseph seems to grow stronger. 😕 HP[+1]
You hit Joseph but do no damage.
Joseph hits you with a +0 quarterstaff!! 😮 HP[-19]
You take 19 damage, and now have 45/74 hp.
MASSIVE DAMAGE!! (PAUSE)
You hit Joseph but do no damage. You bite Joseph, but do no damage.
Joseph barely misses you.
You hit Joseph. You whack Joseph! Joseph hits you with a +0 quarterstaff!
* * * LOW HITPOINT WARNING * * *
😨 HP[-14]
You take 14 damage, and now have 31/74 hp.
You closely miss Joseph. Joseph hits you with a +0 quarterstaff!
* * * LOW HITPOINT WARNING * * *
😱 HP[-13]
You take 13 damage, and now have 18/74 hp.
You hit Joseph. Your bite misses Joseph.
Joseph hits you with a +0 quarterstaff!
* * * LOW HITPOINT WARNING * * *
😱 HP[-11]
You take 11 damage, and now have 7/74 hp.
You barely miss Joseph. You bite Joseph, but do no damage.
Joseph hits you with a +0 quarterstaff!!
You die...

Skill      XL: |  1  2  3  4  5  6  7  8  9 |
---------------+----------------------------+-----
Short Blades   | 1 2 3 4 |  4.2
Long Blades    | 1 2 3 4 |  4.2
Maces & Flails | 1 2 3 4 |  4.2
Polearms       | 1 2 3 4 |  4.2
Staves         | 1 2 3 4 |  4.2
Slings         | 1 2 3 4 |  4.2
Bows           | 1 2 3 4 |  4.2
Crossbows      | 1 2 3 4 |  4.2
Throwing       | 1 2 3 4 |  4.2
Dodging        | 1 2 3 4 |  4.2
Stealth        | 1 2 3 4 |  4.2
Unarmed Combat | 1 2 3 4 |  4.2
Spellcasting   | 1 2 3 4 |  4.2
Invocations    | 1 2 3 4 |  4.7
Evocations     | 1 2 3 4 |  4.2
Conjurations   | 1 2 3 |  3.5
Hexes          | 1 2 3 |  3.5
Summonings     | 1 2 3 |  3.5
Necromancy     | 1 2 3 |  3.5
Translocations | 1 2 3 |  3.5
Transmutations | 1 2 3 |  3.5
Fire Magic     | 1 2 3 |  3.5
Ice Magic      | 1 2 3 |  3.5
Air Magic      | 1 2 3 |  3.5
Earth Magic    | 1 2 3 |  3.5
Poison Magic   | 1 2 3 |  3.5
Axes           | 5 6 |  6.3
Fighting       | 7 |  7.9
Armour         | 7 |  7.9
Shields        | 7 |  7.9

Action                   |  1- 3 |  4- 6 |  7- 9 || total
-------------------------+-------+-------+-------++-------
Melee: War axe           |    66 |    34 |       ||   100
       Bite              |    11 |    11 |    25 ||    47
       Whip              |       |    90 |   200 ||   290
Throw: Dart              |     3 |     9 |     4 ||    16
       Stone             |       |     1 |       ||     1
Evoke: Wand              |       |       |     4 ||     4
  Use: Potion            |       |     4 |       ||     4
       Scroll            |       |       |     5 ||     5
Armor: Scale mail        |    35 |    48 |   105 ||   188
Dodge: Dodged            |    31 |    40 |    95 ||   166
Block: Buckler           |    17 |    28 |    69 ||   114

Levels and vault maps discovered:
D:1:      psy_arrival_whirlpool, layout_basic,
          dreamdust_ecumenical_altar_sealed_demon, st_stairs_10
D:2:      layout_basic, serial_shops, shop, uniq_terence
D:3:      layout_loops_ring
D:4:      kb_forest_paths, layout_rooms, riverfiend_overflow_shadow_ancestor,
          serial_shops, shop, uniq_eustachio
D:5:      layout_basic, mainiacjoe_overflow_paths
D:6:      layout_basic, minmay_temple_entry_trees, uniq_crazy_yiuf_cottage
D:7:      layout_basic
D:8:      minmay_tri_box, layout_basic, grunt_temple_overflow_open,
          dpeg_oklobed_lair, serial_bayou_pond_d, uniq_joseph
Temple:   eino_temple_rhombus

Notes
Turn   | Place    | Note
-------+----------+-------------------------------------------
     0 | D:1      | GrayStillPlays the Gnoll Fighter began the quest for the
                  | Orb.
     0 | D:1      | Reached XP level 1. HP: 23/23 MP: 1/1
     0 | D:1      | magus.rc [v1.9.6]
    86 | D:1      | Reached XP level 2. HP: 26/29 MP: 2/2
   264 | D:1      | Found a faded altar of an unknown god.
   362 | D:1      | Reached XP level 3. HP: 29/35 MP: 3/3
   789 | D:2      | Found Heacze's Distillery.
   804 | D:2      | Noticed Terence
   814 | D:2      | Killed Terence
   815 | D:2      | Reached skill level 1 in Short Blades
   815 | D:2      | Reached skill level 1 in Long Blades
   815 | D:2      | Reached skill level 1 in Maces & Flails
   815 | D:2      | Reached skill level 1 in Polearms
   815 | D:2      | Reached skill level 1 in Staves
   815 | D:2      | Reached skill level 1 in Slings
   815 | D:2      | Reached skill level 1 in Bows
   815 | D:2      | Reached skill level 1 in Crossbows
   815 | D:2      | Reached skill level 1 in Throwing
   815 | D:2      | Reached skill level 1 in Dodging
   815 | D:2      | Reached skill level 1 in Stealth
   815 | D:2      | Reached skill level 1 in Unarmed Combat
   815 | D:2      | Reached skill level 1 in Spellcasting
   815 | D:2      | Reached skill level 1 in Invocations
   815 | D:2      | Reached skill level 1 in Evocations
  1048 | D:2      | Reached XP level 4. HP: 41/41 MP: 5/5
  1643 | D:2      | You pick up a book of Lightning and begin reading...
  1643 | D:2      | You add the spells Static Discharge, Lightning Bolt and
                  | Maxwell's Capacitive Coupling to your library.
  1812 | D:3      | Reached skill level 1 in Conjurations
  1812 | D:3      | Reached skill level 1 in Hexes
  1812 | D:3      | Reached skill level 1 in Summonings
  1812 | D:3      | Reached skill level 1 in Necromancy
  1812 | D:3      | Reached skill level 1 in Translocations
  1812 | D:3      | Reached skill level 1 in Transmutations
  1812 | D:3      | Reached skill level 1 in Fire Magic
  1812 | D:3      | Reached skill level 1 in Ice Magic
  1812 | D:3      | Reached skill level 1 in Air Magic
  1812 | D:3      | Reached skill level 1 in Earth Magic
  1812 | D:3      | Reached skill level 1 in Poison Magic
  1884 | D:3      | Identified the +9 whip of Huimnagi {vorpal, Str-5 Int+4}
  1974 | D:3      | You pick up a book of Frost and begin reading...
  1974 | D:3      | You add the spells Freeze, Frozen Ramparts and Hailstorm to
                  | your library.
  2181 | D:3      | Reached XP level 5. HP: 47/47 MP: 6/6
  2408 | D:4      | Found Ocaziwin's Assorted Antiques.
  2992 | D:4      | Noticed a water moccasin
  3001 | D:4      | HP: 10/47 [water moccasin (4)]
  3003 | D:4      | HP: 3/47 [water moccasin (4)]
  3009 | D:4      | Killed a water moccasin
  3010 | D:4      | Reached skill level 2 in Short Blades
  3010 | D:4      | Reached skill level 2 in Long Blades
  3010 | D:4      | Reached skill level 5 in Axes
  3010 | D:4      | Reached skill level 2 in Maces & Flails
  3010 | D:4      | Reached skill level 2 in Polearms
  3010 | D:4      | Reached skill level 2 in Staves
  3010 | D:4      | Reached skill level 2 in Slings
  3010 | D:4      | Reached skill level 2 in Bows
  3010 | D:4      | Reached skill level 2 in Crossbows
  3010 | D:4      | Reached skill level 2 in Throwing
  3010 | D:4      | Reached skill level 2 in Dodging
  3010 | D:4      | Reached skill level 2 in Stealth
  3010 | D:4      | Reached skill level 2 in Unarmed Combat
  3010 | D:4      | Reached skill level 2 in Spellcasting
  3010 | D:4      | Reached skill level 2 in Invocations
  3010 | D:4      | Reached skill level 2 in Evocations
  3010 | D:4      | Reached XP level 6. HP: 22/53 MP: 7/9
  3412 | D:4      | Noticed Eustachio
  3420 | D:4      | Killed Eustachio
  3421 | D:4      | Reached skill level 7 in Fighting
  3421 | D:4      | Reached skill level 7 in Armour
  3421 | D:4      | Reached skill level 7 in Shields
  3421 | D:4      | Reached XP level 7. HP: 60/60 MP: 10/10
  3439 | D:4      | Reached skill level 2 in Conjurations
  3439 | D:4      | Reached skill level 2 in Hexes
  3439 | D:4      | Reached skill level 2 in Summonings
  3439 | D:4      | Reached skill level 2 in Necromancy
  3439 | D:4      | Reached skill level 2 in Translocations
  3439 | D:4      | Reached skill level 2 in Transmutations
  3439 | D:4      | Reached skill level 2 in Fire Magic
  3439 | D:4      | Reached skill level 2 in Ice Magic
  3439 | D:4      | Reached skill level 2 in Air Magic
  3439 | D:4      | Reached skill level 2 in Earth Magic
  3439 | D:4      | Reached skill level 2 in Poison Magic
  3638 | D:4      | You pick up a book of the Wilderness and begin reading...
  3638 | D:4      | You add the spells Summon Forest, Summon Mana Viper and
                  | Summon Cactus Giant to your library.
  3778 | D:4      | Found a hazy altar of Hepliaklqana.
  3779 | D:4      | Found a shadowy altar of Dithmenos.
  3779 | D:4      | Noticed a shadow
  3812 | D:5      | Entered Level 5 of the Dungeon
  4044 | D:5      | Found a snail-covered altar of Cheibriados.
  4515 | D:6      | Reached skill level 3 in Invocations
  4576 | D:6      | Reached XP level 8. HP: 37/67 MP: 12/12
  4751 | D:6      | Reached skill level 3 in Short Blades
  4751 | D:6      | Reached skill level 3 in Long Blades
  4751 | D:6      | Reached skill level 3 in Maces & Flails
  4751 | D:6      | Reached skill level 3 in Polearms
  4751 | D:6      | Reached skill level 3 in Staves
  4751 | D:6      | Reached skill level 3 in Slings
  4751 | D:6      | Reached skill level 3 in Bows
  4751 | D:6      | Reached skill level 3 in Crossbows
  4751 | D:6      | Reached skill level 3 in Throwing
  4751 | D:6      | Reached skill level 3 in Dodging
  4751 | D:6      | Reached skill level 3 in Stealth
  4751 | D:6      | Reached skill level 3 in Unarmed Combat
  4751 | D:6      | Reached skill level 3 in Spellcasting
  4751 | D:6      | Reached skill level 3 in Evocations
  5132 | D:6      | Found a staircase to the Ecumenical Temple.
  5140 | Temple   | Entered the Ecumenical Temple
  5349 | D:6      | You pick up a book of Spectacle and begin reading...
  5349 | D:6      | You add the spells Dazzling Flash, Iskenderun's Mystic
                  | Blast and Starburst to your library.
  5526 | D:6      | Identified the +0 robe of the Known World {rN++ Archmagi}
  6448 | D:7      | Reached skill level 3 in Conjurations
  6448 | D:7      | Reached skill level 3 in Hexes
  6448 | D:7      | Reached skill level 3 in Summonings
  6448 | D:7      | Reached skill level 3 in Necromancy
  6448 | D:7      | Reached skill level 3 in Translocations
  6448 | D:7      | Reached skill level 3 in Transmutations
  6448 | D:7      | Reached skill level 3 in Fire Magic
  6448 | D:7      | Reached skill level 3 in Ice Magic
  6448 | D:7      | Reached skill level 3 in Air Magic
  6448 | D:7      | Reached skill level 3 in Earth Magic
  6448 | D:7      | Reached skill level 3 in Poison Magic
  6448 | D:7      | Reached skill level 4 in Invocations
  6474 | D:7      | Reached skill level 6 in Axes
  6474 | D:7      | Reached XP level 9. HP: 63/72 MP: 14/14
  6573 | D:6      | Reached skill level 4 in Short Blades
  6573 | D:6      | Reached skill level 4 in Long Blades
  6573 | D:6      | Reached skill level 4 in Maces & Flails
  6573 | D:6      | Reached skill level 4 in Polearms
  6573 | D:6      | Reached skill level 4 in Staves
  6573 | D:6      | Reached skill level 4 in Slings
  6573 | D:6      | Reached skill level 4 in Bows
  6573 | D:6      | Reached skill level 4 in Crossbows
  6573 | D:6      | Reached skill level 4 in Throwing
  6573 | D:6      | Reached skill level 4 in Dodging
  6573 | D:6      | Reached skill level 4 in Stealth
  6573 | D:6      | Reached skill level 4 in Unarmed Combat
  6573 | D:6      | Reached skill level 4 in Spellcasting
  6573 | D:6      | Reached skill level 4 in Evocations
  7099 | D:8      | Identified the +10 long sword of Baxkad {flame, Str-5 Int-5
                  | Dex+6}
  7128 | D:8      | Noticed a komodo dragon
  7131 | D:8      | Noticed a centaur warrior
  7140 | D:8      | Killed a komodo dragon
  7151 | D:8      | Noticed Joseph
  7168 | D:8      | HP: 18/74 [Joseph (14)]
  7169 | D:8      | HP: 7/74 [Joseph (11)]
  7170 | D:8      | Demolished by Joseph

Vanquished Creatures
  A komodo dragon (D:8)
  Eustachio (D:4)
  2 water moccasins
  An orc warrior (D:6)
  2 ice beasts (D:6)
  A sky beast (D:7)
  A centaur (D:6)
  3 bullfrogs
  A water moccasin skeleton (D:5)
  3 howler monkeys (D:7)
  2 centaur zombies (D:6)
  4 bullfrog zombies
  2 hounds (D:4)
  2 jellies
  A bullfrog skeleton (D:6)
  A gnoll shaman (D:7)
  2 orc priests
  2 iguanas
  Terence (D:2)
  6 orc wizards
  6 adders
  11 gnolls
  A white imp (D:7)
  An ufetubus (D:5)
  An adder skeleton (D:4)
  A worm (D:3)
  3 dart slugs (D:4)
  9 orcs
  7 bats
  5 endoplasms
  3 giant cockroaches (D:1)
  5 hobgoblins
  5 jackals
  5 kobolds
  5 quokkas
  9 ball pythons
  4 frilled lizards
  7 goblins
  8 rats
135 creatures vanquished.

Vanquished Creatures (others)
  2 orc wizards (D:8)
  2 demonic plants (D:1)
4 creatures vanquished.

Grand Total: 139 creatures vanquished

Table legend:
 A = Non-vault XP
 B = Vault XP
 C = Vault XP percentage of total XP
 D = Non-vault monster count
 E = Vault monster count
 F = Vault count percentage of total count
                 A         B        C        D         E       F
            +---------+---------+-------+---------+---------+-------
      Total |    2687 |     722 |  21.2 |     123 |      14 |  10.2
            +---------+---------+-------+---------+---------+-------
        D:1 |      33 |       7 |  17.5 |      20 |       5 |  20.0
        D:2 |      32 |      36 |  52.9 |      12 |       1 |   7.7
        D:3 |      63 |       0 |   0.0 |      17 |       0 |   0.0
        D:4 |     340 |     285 |  45.6 |      26 |       7 |  21.2
        D:5 |     228 |       0 |   0.0 |       8 |       0 |   0.0
        D:6 |    1149 |       0 |   0.0 |      21 |       0 |   0.0
        D:7 |     727 |       0 |   0.0 |      15 |       0 |   0.0
        D:8 |     115 |     394 |  77.4 |       4 |       1 |  20.0
            +---------+---------+-------+---------+---------+-------

Illustrated notes

Table legend:
 A = Kills in this place as a percentage of kills in entire the game.
 B = Kills by you in this place as a percentage of kills by you in the entire game.
 C = Kills by friends in this place as a percentage of kills by friends in the entire game.
 D = Other kills in this place as a percentage of other kills in the entire game.
 E = Experience gained in this place as a percentage of experience gained in the entire game.
 F = Experience gained in this place divided by the number of levels of this place that you have seen.
                   A       B       C       D       E      F
               +-------+-------+-------+-------+-------+----------------------
         Total | 100.0 | 100.0 |   N/A | 100.0 | 100.0 | 378.8
       Dungeon | 100.0 | 100.0 |   N/A | 100.0 | 100.0 | 426.1
               +-------+-------+-------+-------+-------+----------------------

Table legend: (Time is in decaauts)
 A = Elapsed time spent in this place.
 B = Non-inter-level travel time spent in this place.
 C = Inter-level travel time spent in this place.
 D = Time resting spent in this place.
 E = Time spent auto-exploring this place.
 F = Levels seen in this place.
 G = Mean time per level.
                   A        B        C        D        E       F      G
               +--------+--------+--------+--------+--------+-----+--------+
         Total |   7207 |   6981 |    226 |    685 |   5174 |   9 |  800.8 |
       Dungeon |   7035 |   6832 |    203 |    685 |   5038 |   8 |  879.4 |
        Temple |    172 |    149 |     23 |      0 |    136 |   1 |  172.0 |
               +--------+--------+--------+--------+--------+-----+--------+

Top non-repeatable levels by time:
     D:6: 1384 daAuts
     D:4: 1056 daAuts
     D:3: 1041 daAuts
     D:2: 948 daAuts
     D:7: 888 daAuts
     D:5: 818 daAuts
     D:1: 803 daAuts
  Temple: 172 daAuts
     D:8: 93 daAuts
